 Dungeon Crawl Stone Soup version 0.31-a0-152-g6aa68a64a1 (webtiles) character file.

Game seed: 17740214328122408111

110 qw the Chopper (level 4, -9/28 HPs)
             Began as a Gargoyle Fighter on June 10, 2023.
             Killed by divine providence
             ... invoked by an orc priest
              (11 damage)
             ... on level 2 of the Dungeon.
             The game lasted 00:00:55 (1800 turns).

qw the Chopper (Gargoyle Fighter)                   Turns: 1800, Time: 00:00:55

Health: -9/28      AC: 16    Str: 21    XL:     4   Next: 91%
Magic:  4/4        EV:  5    Int:  9    God:
Gold:   116        SH:  4    Dex:  9    Spells: 3/3 levels left

rFire   . . .        Y - +0 war axe
rCold   . . .        c - +0 buckler
rNeg    + . .        e - +0 plate armour
rPois   inf          (no helmet)
rElec   +            (no cloak)
rCorr   .            g - +0 pair of gloves
SInv    .            (no boots)
Will    .....        (no amulet) Stlth
                     (no ring)
HPRegen 0.24/turn    (no ring)
MPRegen 0.09/turn

%: no passive effects
@: about to teleport
A: sickness immunity, AC +3, negative energy resistance 1, electricity
resistance, torment resistance 1, petrification resistance
a: no special abilities


You were on level 2 of the Dungeon.
You visited 1 branch of the dungeon, and saw 3 of its levels.

You collected 116 gold pieces.


Innate Abilities, Weirdness & Mutations

You are immune to sickness and miasma.
Your stone body is resilient. (AC +3)
You are immune to poison.
You resist negative energy. (rN+)
You are resistant to electric shocks. (rElec)
You are resistant to unholy torment.
You are immune to petrification.


   Skills:
 - Level 3.2 Fighting
 + Level 4.2 Axes
 - Level 1.1 Throwing
 - Level 3.2 Armour
 - Level 3.2 Shields


You had 3 spell levels left.
You didn't know any spells.
Your spell library was empty.

Inventory:

Hand Weapons
 b - a +0 heavy mace
 Y - a +0 war axe (weapon)
Missiles
 l - 4 javelins
Armour
 c - a +0 buckler (worn)
 e - a +0 plate armour (worn)
 g - a +0 pair of gloves (worn)
Potions
 d - a potion of might
 f - a potion of curing {unknown}
 h - 2 potions of lignification
 i - a potion of haste {unknown}

Dungeon Overview and Level Annotations

Branches:
Dungeon (3/15)

Altars:


Message History

You block the orc's attack.
You barely miss the adder.
The adder is severely wounded.
You block the bat's attack. You block the adder's attack.
The adder bites you but does no damage.
The orc hits you from afar with a +0 trident!
1791 ||| STAIRDANCE The bat hits you but does no damage.
The adder bites you but does no damage. The orc hits you but does no damage.
The orc priest hits you but does no damage.
You climb upwards.
There is a stone staircase leading down here.
You hit the adder.
You kill the adder!
You hit the orc priest but do no damage.
The orc priest looks braver for a moment.
You barely miss the orc priest.
The orc priest hits you but does no damage.
You barely miss the orc priest. The orc priest hits you with a +0 whip.
The orc priest barely misses you.
You closely miss the orc priest. The orc priest hits you with a +0 whip.
You slash the orc priest!
The orc priest is severely wounded.
You block the orc priest's attack.
You closely miss the orc priest.
The orc priest is severely wounded.
The orc priest hits you but does no damage.
The orc priest invokes the aid of Beogh against you.
Beogh smites you!
You closely miss the orc priest.
The orc priest is severely wounded.
The orc priest calls down the wrath of Beogh upon you.
Beogh smites you!
1800 ||| READING scroll of teleportation.
As you read the scroll of teleportation, it crumbles to dust.
You feel strangely unstable.
The orc priest calls down the wrath of Beogh upon you.
Beogh smites you!
You die...

#### ..<# ###############
##.# #.@[..#......[#
##.############o).#.#.#####.#
....................#.### #.#
.#.######...###.........# #.#
.#.# #.....##..##.#.#.# #.#
.#.# ##...###.###.#.#.###.#
...# ##.## #.###.#.......#
...# #.# #.....#....#### ##.#
#.# #######....#


You could see an orc priest.

Vanquished Creatures
  An orc priest (D:3)
  3 adders (D:2)
  3 dart slugs
  2 orcs (D:2)
  4 bats
  2 endoplasms
  4 giant cockroaches
  3 goblins
  2 hobgoblins
  3 quokkas
  6 ball pythons
  7 frilled lizards
  4 kobolds
  2 rats
46 creatures vanquished.

Notes
Turn   | Place    | Note
-------+----------+-------------------------------------------
     0 | D:1      | qw the Gargoyle Fighter began the quest for the Orb.
     0 | D:1      | Reached XP level 1. HP: 14/14 MP: 1/1
     0 | D:1      | 0 ||| qw: Version: 0.2-a-29-gd901d54
     0 | D:1      | 0 ||| qw: Game counter: 3997
     0 | D:1      | 0 ||| qw: Always use a shield: true
     0 | D:1      | 0 ||| qw: God list: Okawaru
     0 | D:1      | 0 ||| qw: Allow faded altars: false
     0 | D:1      | 0 ||| qw: Do Orc after D:15 true
     0 | D:1      | 0 ||| qw: Do second Lair branch before Depths: true
     0 | D:1      | 0 ||| qw: Lair rune preference: random
     0 | D:1      | 0 ||| qw: Plans: Normal, Zot:1-4, Slime:5, God:TSO, Crypt,
                  | Tomb, Abyss, Pan, Hells, Win
     0 | D:1      | 0 ||| PLANNING D:1-11
    19 | D:1      | Reached skill level 2 in Axes
    56 | D:1      | 56 ||| Stepping ~*~*~tactically~*~*~ (stealth).
    61 | D:1      | 61 ||| Stepping ~*~*~tactically~*~*~ (stealth).
    73 | D:1      | Reached XP level 2. HP: 10/19 MP: 2/2
   120 | D:1      | 120 ||| DROPPING +0 club.
   192 | D:1      | 192 ||| FLEEEEING.
   193 | D:1      | 193 ||| FLEEEEING.
   194 | D:1      | 194 ||| FLEEEEING.
   207 | D:1      | 207 ||| FLEEEEING.
   208 | D:1      | 208 ||| FLEEEEING.
   209 | D:1      | 209 ||| FLEEEEING.
   211 | D:1      | 211 ||| FLEEEEING.
   321 | D:1      | Reached skill level 3 in Axes
   353 | D:1      | 353 ||| Stepping ~*~*~tactically~*~*~ (stealth).
   358 | D:1      | Reached XP level 3. HP: 23/23 MP: 3/3
   553 | D:1      | 553 ||| UPGRADING to +0 pair of gloves.
   558 | D:1      | 558 ||| READING 2 scrolls labelled LESOER KODWO.
   562 | D:1      | 562 ||| DRINKING 3 viscous blue potions.
  1000 | D:2      | 1000 ||| Stepping ~*~*~tactically~*~*~ (hiding).
  1001 | D:2      | 1001 ||| Stepping ~*~*~tactically~*~*~ (hiding).
  1004 | D:2      | 1004 ||| Stepping ~*~*~tactically~*~*~ (hiding).
  1005 | D:2      | 1005 ||| Stepping ~*~*~tactically~*~*~ (hiding).
  1167 | D:2      | 1167 ||| Stepping ~*~*~tactically~*~*~ (hiding).
  1361 | D:2      | Reached skill level 1 in Throwing
  1361 | D:2      | Reached XP level 4. HP: 28/28 MP: 4/4
  1378 | D:2      | 1378 ||| DROPPING +2 whip of draining.
  1379 | D:2      | 1379 ||| DROPPING +0 whip.
  1714 | D:2      | 1714 ||| UPGRADING to +0 plate armour.
  1724 | D:2      | 1724 ||| DROPPING +0 scale mail.
  1725 | D:2      | 1725 ||| READING scroll labelled OCEAPR COKHLIPS.
  1726 | D:2      | 1726 ||| READING scroll labelled YDIJOR POEMORPH.
  1745 | D:3      | Reached skill level 4 in Axes
  1745 | D:3      | 1745 ||| STAIRDANCE
  1785 | D:2      | 1785 ||| DROPPING +0 mace.
  1791 | D:3      | 1791 ||| STAIRDANCE
  1799 | D:2      | HP: 2/28 [orc priest/divine providence (7)]
  1800 | D:2      | 1800 ||| READING scroll of teleportation.
  1800 | D:2      | Killed from afar by an orc priest

Levels and vault maps discovered:
D:1:      minmay_arrival_stone_box, layout_rooms
D:2:      layout_loops_corners, due_unseen_surprise
D:3:      layout_basic, serial_shops, shop

Skill      XL: |  1  2  3  4 |
---------------+-------------+-----
Axes           | 2 3 4 |  4.2
Throwing       | 1 |  1.1
Fighting       | |  3.2
Armour         | |  3.2
Shields        | |  3.2

Action                     |  1- 3 |  4- 6 || total
---------------------------+-------+-------++-------
  Melee: War axe           |   118 |    21 ||   139
    Use: Scroll            |     1 |     3 ||     4
         Potion            |     1 |       ||     1
 Armour: Scale mail        |    58 |     5 ||    63
         Plate armour      |       |    13 ||    13
  Dodge: Dodged            |    53 |     7 ||    60
  Block: Buckler           |    18 |    11 ||    29

Table legend:
 A = Non-vault XP
 B = Vault XP
 C = Vault XP percentage of total XP
 D = Non-vault monster count
 E = Vault monster count
 F = Vault count percentage of total count
                 A         B        C        D         E       F
            +---------+---------+-------+---------+---------+-------
      Total |     158 |       0 |   0.0 |      46 |       0 |   0.0
            +---------+---------+-------+---------+---------+-------
        D:1 |      37 |       0 |   0.0 |      22 |       0 |   0.0
        D:2 |      78 |       0 |   0.0 |      22 |       0 |   0.0
        D:3 |      43 |       0 |   0.0 |       2 |       0 |   0.0
            +---------+---------+-------+---------+---------+-------
